 Dungeon Crawl Stone Soup version 0.29.1-15-g9cfb28693d (webtiles) character file.

Game seed: 550844035137906682

689 mobtown the Reanimator (level 7, 0/36 HPs)
             Began as a Deep Elf Necromancer on Mar 8, 2023.
             Killed by nerve-wracking pain
             ... invoked by Grinder
              (13 damage)
             ... on level 5 of the Dungeon.
             The game lasted 00:29:54 (5753 turns).

mobtown the Reanimator (Deep Elf Necromancer)       Turns: 5753, Time: 00:29:55

Health: 0/36       AC: 13    Str:  5    XL:     7   Next: 36%
Magic:  21/28      EV: 10    Int: 22    God:
Gold:   274        SH:  0    Dex: 15    Spells: 11/19 levels left

rFire   + . .      SeeInvis .   k - +0 dagger
rCold   . . .      Faith    .   (no shield)
rNeg    . . .      Spirit   .   i - +5 ring mail of Inviolability {rF+}
rPois   .          Reflect  .   (no helmet)
rElec   .          Harm     .   f - +0 cloak
rCorr   .          Rampage  .   a - +0 pair of gloves
Will    .....                   q - +0 pair of boots
Stlth   ++........              (no amulet)
HPRegen 0.12/turn               m - ring of magical power
MPRegen 0.21/turn               z - ring of wizardry

@: no status effects
A: no striking features
a: no special abilities


You were on level 5 of the Dungeon.
You visited 1 branch of the dungeon, and saw 5 of its levels.
You also visited: Sewer.

You collected 274 gold pieces.

Inventory:

Hand Weapons
 k - a +0 dagger (weapon)
 x - a +0 mace
Armour
 a - a +0 pair of gloves (worn)
 f - a +0 cloak (worn)
 i - the +5 ring mail of Inviolability (worn) {rF+}
   (You found it on level 2 of the Dungeon)

   rF:        It protects you from fire.
 q - a +0 pair of boots (worn)
Jewellery
 h - a ring of flight
 m - a ring of magical power (left hand)
 z - a ring of wizardry (right hand)
Wands
 l - a wand of polymorph (4)
 A - a wand of light (10)
Scrolls
 d - a scroll of blinking
 n - a scroll of enchant armour
 p - a scroll of silence
 s - a scroll of amnesia {unknown}
 t - a scroll of teleportation {unknown}
 v - a scroll of noise {unknown}
 y - 2 scrolls of immolation {unknown}
Potions
 b - 3 potions of magic
 c - 6 potions of mutation {unknown}
 e - 5 potions of curing
 g - 6 potions of heal wounds {unknown}
 j - 2 potions of lignification {unknown}
 o - a potion of ambrosia {unknown}
 r - a potion of invisibility {unknown}
 u - 2 potions of might {unknown}
 w - a potion of cancellation {unknown}


   Skills:
 + Level 0.1 Fighting
 + Level 0.2 Maces & Flails
 + Level 1.0 Armour
 + Level 3.5 Dodging
 + Level 2.6 Stealth
 + Level 6.8 Spellcasting
 + Level 1.0 Conjurations
 * Level 8.3 Necromancy
 + Level 0.6 Air Magic


You had 11 spell levels left.
You knew the following spells:

 Your Spells              Type           Power      Damage    Failure   Level
a - Necrotise             Necr           100%       1d9       1%          1
b - Vampiric Draining     Necr           44%        2d9       1%          3
c - Swiftness             Air            10%        N/A       32%         3
d - Shock                 Conj/Air       44%        1d5       12%         1

Your spell library contained the following spells:

 Spells                   Type           Power      Damage    Failure   Level
 Animate Dead             Necr           44%        N/A       5%          4
 Agony                    Necr           44%        N/A       14%         5
 Airstrike                Air            5%         2d(1-17)  71%         4


Dungeon Overview and Level Annotations

Branches:
Dungeon (5/15)              Sewer (visited)
 Temple: D:4-7

Altars:
Ashenzari
Gozag
Makhleb
Qazlal
Sif Muna

Shops:
D:3 [

Annotations:
D:5 Grinder


Message History

Aiming: Shock (safe; 12% risk of failure)
Press: ? - help, Shift-Dir - straight line, f/p - Grinder
Aim: Grinder (moderately wounded, ally target, 64% to hit)
The zap hits Grinder.
Grinder is moderately wounded.
Grinder hits you!
Your hound skeleton bites Grinder but does no damage.
Unknown command.
Casting: Shock (safe; 12% risk of failure)
Confirm with . or Enter, or press ? or * to list all spells.
Aiming: Shock (safe; 12% risk of failure)
Press: ? - help, Shift-Dir - straight line, f/p - Grinder
Aim: Grinder (moderately wounded, ally target, 64% to hit)
The zap hits Grinder.
Grinder is heavily wounded.
Grinder hits you.
Your hound skeleton bites Grinder but does no damage.
Your hound skeleton misses Grinder.
Grinder hits you but does no damage.
Casting: Shock (safe; 12% risk of failure)
Confirm with . or Enter, or press ? or * to list all spells.
Aiming: Shock (safe; 12% risk of failure)
Press: ? - help, Shift-Dir - straight line, f/p - Grinder
Aim: Grinder (heavily wounded, ally target, 64% to hit)
The zap hits Grinder.
Grinder is severely wounded.
The zap hits Grinder.
Grinder is severely wounded.
Your hound skeleton bites Grinder.
Grinder hits you.
Casting: Shock (safe; 12% risk of failure)
Confirm with . or Enter, or press ? or * to list all spells.
Aiming: Shock (safe; 12% risk of failure)
Press: ? - help, Shift-Dir - straight line, f/p - Grinder
Aim: Grinder (severely wounded, ally target, 64% to hit)
The zap hits Grinder.
Grinder is almost dead.
The zap misses Grinder.
Your hound skeleton closely misses Grinder.
Grinder gestures at you. Pain shoots through your body!
You die...

≈~..... . ~.# .......##.
.# .~. ~≈~.....# ...
#≈~. ~...[..# #.⌠. ≈~~.~
##.....##....
..~~~##......#....~
~≈.≈.≈..Z........≈
#.##....5...#
#........@.##
####..###..#
..##...#...# .#
#.###.....####..#
#.#....##.#......
##.#.............# .#
####..............###
...#...<.............#
........................


You could see Grinder (ally target) and a friendly hound skeleton.

Vanquished Creatures
  Prince Ribbit (D:5)
  Blork the orc (D:4)
  A crimson imp (D:4)
  2 hounds
  Natasha (thrice) (D:2)
  2 iguanas
  3 gnolls (D:4)
  9 adders
  3 river rats (Sewer)
  2 white imps (D:4)
  2 worms (D:3)
  2 dart slugs (D:1)
  2 orcs (D:4)
  3 endoplasms
  3 giant cockroaches
  4 goblins
  7 hobgoblins
  3 quokkas
  7 ball pythons
  2 bats (D:2)
  7 frilled lizards
  3 kobolds
  9 rats
81 creatures vanquished.

Vanquished Creatures (collateral kills)
  A ball python (Sewer)
  A bat (D:2)
  A goblin (D:2)
  A hobgoblin (D:3)
  A frilled lizard (Sewer)
  A rat (Sewer)
6 creatures vanquished.

Grand Total: 87 creatures vanquished

Notes
Turn   | Place    | Note
-------+----------+-------------------------------------------
     0 | D:1      | mobtown the Deep Elf Necromancer began the quest for the
                  | Orb.
     0 | D:1      | Reached XP level 1. HP: 10/10 MP: 6/6
    42 | D:1      | Reached skill level 5 in Necromancy
   253 | D:1      | Reached XP level 2. HP: 15/15 MP: 6/8
   626 | D:1      | Found a faded altar of an unknown god.
  1206 | D:2      | Reached XP level 3. HP: 15/19 MP: 1/10
  1385 | D:2      | Learned a level 3 spell: Vampiric Draining
  1389 | D:2      | Learned a level 3 spell: Swiftness
  1434 | D:2      | Identified the +5 ring mail of Inviolability {rF+}
  1461 | D:2      | Noticed Natasha
  1464 | D:2      | Killed Natasha
  1724 | D:2      | Noticed Natasha
  1734 | D:2      | Killed Natasha
  1735 | D:2      | Reached XP level 4. HP: 15/24 MP: 6/12
  2126 | D:2      | Noticed Natasha
  2138 | D:2      | Killed Natasha
  2139 | D:2      | Reached skill level 6 in Necromancy
  2596 | D:3      | Found Emu Rem's Antique Armour Boutique.
  2877 | D:3      | Found a glowing drain.
  2921 | Sewer    | Entered a sewer
  2944 | Sewer    | Reached XP level 5. HP: 27/28 MP: 14/14
  3053 | Sewer    | Reached skill level 5 in Spellcasting
  3923 | D:3      | Reached skill level 7 in Necromancy
  4186 | D:3      | Found a broken altar of Ashenzari.
  4186 | D:3      | Found a burning altar of Makhleb.
  4252 | D:4      | Identified the +7 chain mail "Bacemuol" {SInv}
  4273 | D:4      | Reached XP level 6. HP: 32/32 MP: 16/16
  4457 | D:4      | Found a shimmering blue altar of Sif Muna.
  4501 | D:4      | Learned a level 1 spell: Shock
  5214 | D:4      | Noticed Blork the orc
  5226 | D:4      | Killed Blork the orc
  5513 | D:4      | Found an opulent altar of Gozag.
  5618 | D:5      | Entered Level 5 of the Dungeon
  5619 | D:5      | Noticed Prince Ribbit
  5638 | D:5      | Killed Prince Ribbit
  5639 | D:5      | Reached skill level 1 in Armour
  5639 | D:5      | Reached skill level 1 in Conjurations
  5639 | D:5      | Reached skill level 8 in Necromancy
  5639 | D:5      | Reached XP level 7. HP: 27/36 MP: 12/18
  5639 | D:5      | Found a stormy altar of Qazlal.
  5737 | D:5      | Noticed Grinder
  5753 | D:5      | Killed from afar by Grinder

Illustrated notes

Levels and vault maps discovered:
D:1:      enne_arrival_octagon_isle, layout_loops_corners,
          shapermc_ecumenical_altar_acropolis
D:2:      layout_loops_ring, kennysheep_cluttered_room, minmay_tetromino_l2,
          uniq_natasha
D:3:      layout_rooms, gammafunk_temple_overflow_elements, serial_shops, shop,
          cheibrodos_sewer_entry_bend, minmay_distorted
D:4:      layout_cave_pools, mainiacjoe_overflow_swirl, minmay_fire_ice_demons,
          uniq_blork_the_orc
D:5:      layout_cave_pools, kennysheep_mini, nemelex_dance_club_becter,
          mainiacjoe_overflow_cross_hatched, kiku_gazebo_pond_becter,
          serial_rivers, chequers_serial_rivers_small_b,
          chequers_serial_rivers_micro_e, chequers_serial_rivers_micro_c,
          chequers_serial_rivers_room_a, chequers_serial_rivers_marsh,
          chequers_serial_rivers_small_b, uniq_sigmund, uniq_prince_ribbit1,
          uniq_grinder

Skill      XL: |  1  2  3  4  5  6 |
---------------+-------------------+-----
Necromancy     | 5 6 7 8 |  8.3
Spellcasting   | 4 5 6 |  6.8
Dodging        | 3 |  3.5
Armour         | 1 |  1.0
Conjurations   | 1 |  1.0
Fighting       | |  0.1
Maces & Flails | |  0.2
Stealth        | |  2.6
Air Magic      | |  0.6

Action                   |  1- 3 |  4- 6 |  7- 9 || total
-------------------------+-------+-------+-------++-------
Melee: Unarmed           |     1 |       |       ||     1
       Dagger            |       |    15 |       ||    15
       Mace              |       |    42 |       ||    42
       Punch             |       |     1 |       ||     1
 Cast: Necrotise         |    55 |   142 |     4 ||   201
       Shock             |       |    36 |     7 ||    43
  Use: Scroll            |       |     5 |       ||     5
Armor: Robe              |     3 |       |       ||     3
       Ring mail         |       |    76 |     2 ||    78
Dodge: Dodged            |     8 |    73 |     3 ||    84
